 Dungeon Crawl Stone Soup version 0.31.0-12-g77e489cdc1 (webtiles) character file.

Game seed: 7219514232021776883

1236 hawla the Nimble (level 8, -2/64 HPs)
             Began as a Deep Elf Fire Elementalist on Mar 5, 2024.
             Was an Initiate of Yredelemnul.
             Slain by Prince Ribbit (5 damage)
             ... on level 6 of the Dungeon.
             The game lasted 00:14:17 (6213 turns).

hawla the Nimble (Deep Elf Fire Elementalist)       Turns: 6213, Time: 00:14:17

Health: -2/64      AC: 24    Str:  7    XL:     8   Next: 24%
Magic:  13/16      EV:  2    Int: 21    God:    Yredelemnul [......]
Gold:   199        SH:  0    Dex: 15    Spells: 8/15 levels left

rFire   . . .        l - +1 rapier (holy)
rCold   . . .        (no shield)
rNeg    + . .        a - melded +0 robe
rPois   +            (helmet currently unavailable)
rElec   .            (cloak currently unavailable)
rCorr   .            (gloves currently unavailable)
SInv    .            b - melded +2 pair of boots
Will    .....        d - amulet of faith
Stlth   +++          c - ring of positive energy
HPRegen 0.00/turn    (no ring)
MPRegen 0.15/turn

%: faith
@: tree-form, inhibited regen
A: stationary, stasis, torment immunity, boosted hp, (antennae 1), (poison
resistance), inhibited regeneration, MP-powered wands
a: Renounce Religion, Recall Undead Harvest


You were on level 6 of the Dungeon.
You worshipped Yredelemnul.
Yredelemnul was noncommittal.
You were a tree.
You visited 1 branch of the dungeon, and saw 6 of its levels.

You collected 199 gold pieces.

Inventory:

Hand Weapons
 l - a +1 rapier of holy wrath (weapon)
Armour
 a - a +0 robe (melded)
 b - a +2 pair of boots (melded)
 j - the +1 helmet "Febba" {rF+ rC- Int+5}
   (You found it on level 2 of the Dungeon)

   Int+5:     It affects your intelligence (+5).
   rF+:       It protects you from fire.
   rC-:       It makes you vulnerable to cold.
Jewellery
 c - a ring of positive energy (left branch)
 d - an amulet of faith (around neck)
 i - a ring of resist corrosion
Wands
 p - a wand of light (10)
Scrolls
 e - a scroll of teleportation
 g - a scroll of vulnerability
 h - a scroll of poison
 m - a scroll of revelation
 n - a scroll of torment
 o - a scroll of identify
Potions
 f - 2 potions of mutation
 k - a potion of lignification


   Skills:
 - Level 1.0 Fighting
 + Level 4.9 Short Blades
 - Level 8.0 Dodging
 - Level 4.0 Stealth
 - Level 4.0 Spellcasting
 - Level 3.0 Conjurations
 - Level 5.0 Fire Magic


You had 8 spell levels left.
You knew the following spells:

 Your Spells              Type           Power      Damage    Failure   Level
a - Foxfire               Conj/Fire      84%        2x1d8     2%          1
b - Scorch                Fire           50%        2d7       2%          2
c - Flame Wave            Conj/Fire      21%        2d8       22%         4

Your spell library contained the following spells:

 Spells                   Type           Power      Damage    Failure   Level
 Slow                     Hex            16%        N/A       12%         1
 Inner Flame              Hex/Fire       14%        N/A       13%         3
 Volatile Blastmotes      Fire/Tloc      28%        2d12      13%         3
 Confusing Touch          Hex            4%         N/A       34%         3
 Fugue of the Fallen      Necr           4%         N/A       34%         3
 Ozocubu's Armour         Ice            4%         N/A       34%         3
 Sigil of Binding         Hex            4%         N/A       34%         3
 Vampiric Draining        Necr           4%         2d6       34%         3
 Manifold Assault         Tloc           4%         N/A       75%         4


Dungeon Overview and Level Annotations

Branches:
Dungeon (6/15)
 Temple: D:4-7

Altars:
Vehumet
Yredelemnul

Annotations:
D:6 Prince Ribbit


Innate Abilities, Weirdness & Mutations

You are a tree.
Your roots penetrate the ground, keeping you stationary.
You cannot be teleported.
You are immune to unholy pain and torment.
Your maximum health is greatly increased.
Your equipment is partially melded.
((You have a pair of small antennae on your head.))
((Your system is resistant to poisons. (rPois)))
You do not regenerate when monsters are visible.
You expend magic power (3 MP) to strengthen your wands.


Message History

You conjure some foxfire!
Casting: Foxfire (safe; 2% risk of failure)
Confirm with . or Enter, or press ? or * to list all spells.
You conjure some foxfire!
The foxfire hits the orc!
You kill the orc!
The dead are walking!
Your foxfire dissipates!
Your foxfire dissipates! x2
You swap places.
Prince Ribbit comes into view.
An orc priest comes into view. It is wielding a +0 trident.
Prince Ribbit gives a loud, deep croak!
The orc priest shouts!
Casting: Foxfire (safe; 2% risk of failure)
Confirm with . or Enter, or press ? or * to list all spells.
You conjure some foxfire!
The foxfire hits Prince Ribbit.
Prince Ribbit is lightly wounded.
The orc priest misses you.
An orc comes into view. It is wielding a +0 dagger.
Unknown command.
Casting: Foxfire (safe; 2% risk of failure)
Confirm with . or Enter, or press ? or * to list all spells.
Flames lash the orc.
The orc is almost dead.
The orc's fire resistance burns away.
The foxfire hits the orc priest.
The orc priest is moderately wounded.
Prince Ribbit hits you! x2
The orc priest hits you from afar with a +0 trident!
* * * LOW HITPOINT WARNING * * *
The air fills with toxic fumes!
As you read the scroll of poison, it crumbles to dust.
Prince Ribbit hits you.
* * * LOW HITPOINT WARNING * * *
Something hits your orc zombie. The orc priest closely misses you.
You turn into a tree.
Your +2 pair of boots melds into your body.
Your +0 robe melds into your body.
Your roots penetrate the ground.
Prince Ribbit hits you.
You die...
Your body rises from the dead as a mindless zombie.

.###...........#.
#§#
#........##.#.
#§#
#.......###.#.
#§# #.......#
#.#. # # #§#
#.......# #.#.
#§#§#§# #.[.....#
#.#.
#§§o#.###...§...#
#.#.
#§§Z.§##§§§§...#
#.#.
{#♣§§§§§§§...#
#.#.
#F###§##+#### #.
#§# #.# #. #§#
#.# #. #§# #.# #.
§§# #.# #. ###
#.# #. #.# #. #.


You could see Prince Ribbit, an orc priest (ally target) and a friendly orc
zombie.

Vanquished Creatures
  An ice beast (D:5)
  2 ogres (D:4)
  A centaur (D:5)
  2 scorpions (D:4)
  2 water moccasin zombies (D:5)
  4 hounds
  A jelly (D:6)
  A bombardier beetle (D:4)
  3 centaur zombies (D:5)
  A sleepcap (D:5)
  4 iguanas
  An orc wizard (D:5)
  A scorpion zombie (D:5)
  8 gnolls
  3 adders
  2 white imps (D:5)
  2 ufetubi (D:5)
  2 dart slugs
  3 ribbon worms
  10 orcs
  2 ball pythons
  5 bats
  9 endoplasms
  3 giant cockroaches
  3 goblins (D:1)
  8 hobgoblins
  2 jackals (D:2)
  A quokka (D:1)
  5 frilled lizards
  5 kobolds
  3 rats
100 creatures vanquished.

Vanquished Creatures (others)
  A hound zombie (D:6)
  An orc zombie (D:6)
  244 foxfires
246 creatures vanquished.

Grand Total: 346 creatures vanquished

Notes
Turn   | Place    | Note
-------+----------+-------------------------------------------
     0 | D:1      | hawla the Deep Elf Fire Elementalist began the quest for
                  | the Orb.
     0 | D:1      | Reached XP level 1. HP: 10/10 MP: 6/6
    37 | D:1      | Found a faded altar of an unknown god.
    62 | D:1      | Reached skill level 1 in Fighting
   155 | D:1      | Reached XP level 2. HP: 11/16 MP: 4/8
   161 | D:1      | Learned a level 2 spell: Scorch
   383 | D:1      | Reached XP level 3. HP: 20/20 MP: 7/9
   986 | D:2      | Identified the +1 helmet "Febba" {rF+ rC- Int+5}
  1867 | D:3      | Reached XP level 4. HP: 25/25 MP: 8/12
  2218 | D:3      | Found a radiant altar of Vehumet.
  2686 | D:4      | Identified the +8 ring mail of the Sandy Robin {rPois}
  2688 | D:4      | Learned a level 4 spell: Flame Wave
  2694 | D:4      | Reached skill level 3 in Dodging
  2981 | D:4      | Reached XP level 5. HP: 29/29 MP: 9/13
  3011 | D:4      | Noticed an ogre
  3016 | D:4      | Killed an ogre
  3017 | D:4      | Reached skill level 5 in Dodging
  3090 | D:4      | Noticed an ogre
  3096 | D:4      | Killed an ogre
  3097 | D:4      | Reached XP level 6. HP: 12/34 MP: 1/14
  3103 | D:4      | Reached skill level 6 in Dodging
  3248 | D:4      | Reached skill level 7 in Dodging
  3729 | D:5      | Entered Level 5 of the Dungeon
  3769 | D:5      | Reached XP level 7. HP: 32/38 MP: 15/15
  4025 | D:5      | Reached skill level 8 in Dodging
  4287 | D:5      | Reached skill level 5 in Fire Magic
  4291 | D:5      | Reached skill level 1 in Short Blades
  4883 | D:5      | Found a basalt altar of Yredelemnul.
  4895 | D:5      | HP: 1/38 [water moccasin zombie (6)]
  4896 | D:5      | Gained mutation: You do not regenerate when monsters are
                  | visible. [potion of mutation]
  4896 | D:5      | Gained mutation: You have a pair of small antennae on your
                  | head. [potion of mutation]
  4896 | D:5      | Gained mutation: Your system is resistant to poisons.
                  | (rPois) [potion of mutation]
  4896 | D:5      | Gained mutation: You expend magic power (3 MP) to
                  | strengthen your wands. [potion of mutation]
  4903 | D:5      | Reached XP level 8. HP: 15/43 MP: 1/16
  5649 | D:5      | Became a worshipper of Yredelemnul the Dark
  6208 | D:6      | Noticed Prince Ribbit
  6212 | D:6      | HP: 2/43 [Prince Ribbit (5)]
  6213 | D:6      | Slain by Prince Ribbit

Illustrated notes

Levels and vault maps discovered:
D:1:      shiori_arrival_oz, layout_rooms,
          shapermc_ecumenical_altar_starsandcircs, minmay_tromino_v4_a
D:2:      layout_loops_ring, nicolae_eternal_life
D:3:      layout_basic, mainiacjoe_overflow_cross_hatched, kennysheep_nub,
          nicolae_underground_beach
D:4:      layout_layer_cave
D:5:      layout_loops_ring, nicolae_yredelemnul_corpse_copse,
          saegor_snake_ambush
D:6:      layout_basic, minmay_temple_entry_wispy, uniq_prince_ribbit1

Skill      XL: |  1  2  3  4  5  6  7 |
---------------+----------------------+-----
Fighting       | 1 |  1.0
Conjurations   | 2 3 |  3.0
Stealth        | 3 4 |  4.0
Spellcasting   | 4 |  4.0
Fire Magic     | 4 5 |  5.0
Dodging        | 3 5 7 8 |  8.0
Short Blades   | 4 |  4.9

Action                     |  1- 3 |  4- 6 |  7- 9 || total
---------------------------+-------+-------+-------++-------
  Melee: Dagger            |    10 |       |       ||    10
         Rapier            |       |    12 |    15 ||    27
   Cast: Foxfire           |    56 |    47 |    39 ||   142
         Scorch            |     6 |    22 |    31 ||    59
         Flame Wave        |       |       |     7 ||     7
    Use: Scroll            |     2 |     6 |     2 ||    10
         Potion            |       |     3 |     6 ||     9
   Stab: Sleeping          |     1 |       |       ||     1
 Armour: Robe              |    11 |    14 |    47 ||    72
         Skin              |       |       |    10 ||    10
  Dodge: Dodged            |    18 |    23 |    55 ||    96
